 Dungeon Crawl Stone Soup version 0.21-a0-538-gd16b88a (webtiles) character file.

310 esteth the Insei (level 6, -13/32 HPs)
             Began as a Vine Stalker Monk on Dec 15, 2017.
             Was a Priest of Cheibriados.
             Mangled by Prince Ribbit (16 damage)
             ... on level 5 of the Dungeon.
             The game lasted 00:06:55 (2994 turns).

esteth the Insei (Vine Stalker Monk)                Turns: 2994, Time: 00:06:56

Health: -13/32     AC:  3    Str: 21    XL:     6   Next: 41%
Magic:  0/7        EV: 13    Int: 18    God:    Cheibriados [***...]
Gold:   253        SH:  0    Dex: 24    Spells: 5/5 levels left

rFire    . . .     SeeInvis .     - Unarmed
rCold    . . .     Gourm    .   (no shield)
rNeg     . . .     Faith    .   b - +0 robe
rPois    .         Spirit   +   (no helmet)
rElec    .         Reflect  .   (no cloak)
rCorr    +         Harm     .   w - +0 pair of gloves
MR       .....                  (no boots)
Stlth    +++.......             (no amulet)
HPRegen  0.50/turn              r - ring of resist corrosion
MPRegen  0.10/turn              (no ring)

@: hasted, slow
A: fangs 2, regeneration 1, magic shield, antimagic bite, no potion heal 3, rot
immunity
a: Bend Time, Temporal Distortion, Renounce Religion


You were on level 5 of the Dungeon.
You worshipped Cheibriados.
Cheibriados was most pleased with you.
You were not hungry.

You visited 1 branch of the dungeon, and saw 5 of its levels.

You collected 253 gold pieces.

Inventory:

Hand Weapons
 a - a +0 spear
Armour
 b - a +0 robe (worn)
 w - a +0 pair of gloves (worn)
Jewellery
 r - a ring of resist corrosion (left hand)
Wands
 z - a wand of iceblast (5)
Scrolls
 k - 4 scrolls of remove curse
 l - a scroll of fog {unknown}
 n - 5 scrolls of identify {unknown}
 o - 4 scrolls of blinking {unknown}
 q - a scroll of amnesia {unknown}
 s - 2 scrolls of teleportation {unknown}
 t - a scroll of magic mapping {unknown}
 u - a scroll of noise {unknown}
 y - a scroll of enchant weapon {unknown}
Potions
 g - a potion of cancellation {unknown}
 h - 3 potions of flight {unknown}
 i - a potion of heal wounds {unknown}
 m - a potion of curing {unknown}
 p - a potion of invisibility {unknown}
 v - a potion of degeneration {unknown}
Books
 d - a book of Misfortune

   Spells                             Type                      Level
   a - Confusing Touch                Hexes                        1
   b - Confuse                        Hexes                        3
   c - Gell's Gravitas                Translocation                3
   d - Petrify                        Transmutation/Earth          4
   e - Metabolic Englaciation         Hexes/Ice                    5
   f - Yara's Violent Unravelling     Hexes/Transmutation          5
Comestibles
 c - 2 bread rations
 f - 3 royal jellies
 j - 5 meat rations


   Skills:
 - Level 2.6 Fighting
 - Level 2.6 Polearms
 - Level 2.4 Dodging
 - Level 2.4 Stealth
 + Level 5.9 Unarmed Combat
 + Level 1.2 Invocations


You had 5 spell levels left.
You didn't know any spells.

Dungeon Overview and Level Annotations

Branches:
Dungeon (5/15)
 Temple: D:4-7

Altars:
Cheibriados
Dithmenos
Okawaru
Vehumet

Annotations:
D:5 Prince Ribbit


Innate Abilities, Weirdness & Mutations

You have extremely sharp teeth.
Your natural rate of healing is unusually fast.
When hurt, damage is shared between your health and your magic reserves.
Your bite disrupts and absorbs the magic of your enemies.
Potions cannot restore your health.
You are immune to rotting.


Message History

You are too injured to fight recklessly!
You are too injured to fight recklessly!
You hit Prince Ribbit. Your bite misses Prince Ribbit.
Prince Ribbit is moderately wounded.
Prince Ribbit falters for a moment.
You hit Prince Ribbit. You bite Prince Ribbit.
Prince Ribbit's magic leaks into the air.
You drain his magic.
You feel invigorated.
Prince Ribbit is heavily wounded.
Prince Ribbit hits you!
* * * LOW HITPOINT WARNING * * *
You miss Prince Ribbit. Your bite misses Prince Ribbit.
Prince Ribbit is heavily wounded.
Prince Ribbit hits you but does no damage.
It was a potion of haste.
You feel yourself speed up.
Cheibriados forgives your accidental hurry, just this once.
Prince Ribbit croaks regally.
Prince Ribbit hits you!!
Ouch! That really hurt!
You die...

.. #. #. #. #.
##.## #..F# #.#@#
#...# ##.## #.#
#.################
#........#.......#
########.#.#####.#
#(#.......##
#.#.##......


You could see Prince Ribbit.

Vanquished Creatures
  A phantom (D:4)
  A crimson imp (D:4)
  A hound (D:4)
  Jessica (D:2)
  A worker ant (D:5)
  The ghost of p0werm0de the Caller, a weakling OpSu (D:3)
  A hound skeleton (D:4)
  3 adders
  2 worms
  A dart slug (D:1)
  A leopard gecko (D:1)
  An orc (D:3)
  2 ball pythons
  7 bats
  A giant cockroach (D:4)
  7 goblins
  11 hobgoblins
  4 frilled lizards
  7 kobolds
  6 rats
60 creatures vanquished.

Notes
Turn   | Place    | Note
-------+----------+-------------------------------------------
     0 | D:1      | esteth the Vine Stalker Monk began the quest for the Orb.
     0 | D:1      | Reached XP level 1. HP: 11/11 MP: 2/2
    77 | D:1      | Reached skill level 1 in Unarmed Combat
   160 | D:1      | Reached XP level 2. HP: 12/16 MP: 3/3
   214 | D:1      | Reached skill level 2 in Unarmed Combat
   590 | D:1      | Reached XP level 3. HP: 15/19 MP: 4/4
   820 | D:2      | Found a radiant altar of Vehumet.
   835 | D:2      | Found a snail-covered altar of Cheibriados.
   840 | D:2      | Became a worshipper of Cheibriados the Contemplative
   840 | D:2      | Reached * piety under Cheibriados
   840 | D:2      | Reached ** piety under Cheibriados
   946 | D:2      | Noticed Jessica
   960 | D:2      | Killed Jessica
   960 | D:2      | Reached skill level 3 in Unarmed Combat
   960 | D:2      | Gained mutation: Your natural rate of healing is unusually fast. [Vine Stalker growth]
   960 | D:2      | Reached XP level 4. HP: 14/23 MP: 3/5
  1427 | D:3      | Noticed p0werm0de's ghost (weakling OpSu)
  1434 | D:3      | Killed p0werm0de's ghost
  1434 | D:3      | Reached skill level 4 in Unarmed Combat
  1992 | D:3      | Reached XP level 5. HP: 21/27 MP: 6/6
  2166 | D:4      | Found an iron altar of Okawaru.
  2322 | D:4      | Reached *** piety under Cheibriados
  2368 | D:4      | Noticed a phantom
  2384 | D:4      | Killed a phantom
  2384 | D:4      | Reached skill level 5 in Unarmed Combat
  2384 | D:4      | Reached XP level 6. HP: 29/32 MP: 5/7
  2435 | D:4      | Found a shadowy altar of Dithmenos.
  2945 | D:5      | Entered Level 5 of the Dungeon
  2950 | D:5      | Reached skill level 1 in Invocations
  2985 | D:5      | Noticed Prince Ribbit
  2994 | D:5      | Mangled by Prince Ribbit

Vault maps used:
D:1:      dpeg_arrival_arbitrary_a
D:2:      cheibriados_altar_1, nicolae_overflow_crystal_walls, serial_glass,
          glass_columns_a, glass_columns_c, glass_columns_b, glass_columns_a,
          glass_columns_b, glass_columns_b, glass_columns_b, glass_columns_a,
          first_bread, uniq_jessica
D:3:      kennysheep_potato
D:4:      old_standard_altar, grunt_dithmenos_smoke_and_mirrors
D:5:      minmay_temple_entry_fiery, uniq_prince_ribbit1

Skill      XL: |  1  2  3  4  5  6 |
---------------+-------------------+-----
Unarmed Combat | 1 2 3 4 5 |  5.9
Invocations    | 1 |  1.2
Fighting       | |  2.6
Polearms       | |  2.6
Dodging        | |  2.4
Stealth        | |  2.4

Action                   |  1- 3 |  4- 6 || total
-------------------------+-------+-------++-------
Melee: Spear             |    92 |       ||    92
       Bite              |    24 |    43 ||    67
       Unarmed           |    14 |   113 ||   127
       Punch             |     1 |     5 ||     6
  Use: Scroll            |       |     1 ||     1
       Potion            |       |     1 ||     1
 Stab: Sleeping          |     2 |     2 ||     4
       Distracted        |       |     1 ||     1
  Eat: Chunk             |       |     3 ||     3
Armor: Robe              |    10 |    23 ||    33
Dodge: Dodged            |    38 |    58 ||    96

Table legend:
 A = Spawn XP
 B = Non-spawn XP
 C = Spawn XP percentage of total XP
 D = Spawn monster count
 E = Non-spawn monster count
 F = Spawn count percentage of total count
 G = Total turns spent on level
                    A         B        C        D         E        F      G
               +---------+---------+-------+---------+---------+-------+---------
         Total |       0 |     444 |   0.0 |       0 |      60 |   0.0 |  2994
               +---------+---------+-------+---------+---------+-------+---------
           D:1 |       0 |      37 |   0.0 |       0 |      21 |   0.0 |   669
           D:2 |       0 |      75 |   0.0 |       0 |      15 |   0.0 |   726
           D:3 |       0 |      55 |   0.0 |       0 |      14 |   0.0 |   743
           D:4 |       0 |     241 |   0.0 |       0 |       9 |   0.0 |   807
           D:5 |       0 |      36 |   0.0 |       0 |       1 |   0.0 |    49
               +---------+---------+-------+---------+---------+-------+---------
